 Dungeon Crawl Stone Soup version 0.27-a0-1273-gec92ba881d (webtiles) character file.

Game seed: 18207129319882401056

4195 pokeman the Thaumaturge (level 10, -5/55 HPs)
             Began as a Deep Elf Hedge Wizard on June 11, 2021.
             Was an Initiate of Vehumet.
             Slain by a shadow (20 damage)
             ... on level 8 of the Dungeon.
             The game lasted 00:22:36 (11149 turns).

pokeman the Thaumaturge (Deep Elf Hedge Wizard)    Turns: 11149, Time: 00:22:36

Health: -5/55      AC:  4    Str:  7    XL:     10   Next: 8%
Magic:  22/28      EV: 12    Int: 23    God:    Vehumet [......]
Gold:   411        SH:  0    Dex: 14    Spells: 16/34 levels left

rFire    . . .     SeeInvis .   q - +1 scythe (venom)
rCold    . . .     Faith    .   (shield currently unavailable)
rNeg     . . .     Spirit   .   f - +0 leather armour
rPois    .         Reflect  .   c - +0 hat
rElec    .         Harm     .   t - +0 cloak
rCorr    .         Rampage  .   (no gloves)
Will     +....                  (no boots)
Stlth    ++........             H - amulet of magic regeneration
HPRegen  0.18/turn              (no ring)
MPRegen  0.46/turn              (no ring)

@: no status effects
A: no striking features
a: Renounce Religion


You were on level 8 of the Dungeon.
You worshipped Vehumet.
Vehumet was noncommittal.
You visited 2 branches of the dungeon, and saw 9 of its levels.

You collected 411 gold pieces.

Inventory:

Hand Weapons
 h - a +2 vampiric spear
 q - a +1 scythe of venom (weapon)
 D - a +0 shortbow
Missiles
 j - 211 arrows
 p - 60 bolts
Armour
 c - a +0 hat (worn)
 f - a +0 leather armour (worn)
 t - a +0 cloak (worn)
 v - a +1 robe of cold resistance
 I - a scarf of harm
Magical Staves
 J - a staff of death
Jewellery
 o - a ring of ice
 H - an amulet of magic regeneration (around neck)
Wands
 r - a wand of charming (8)
 w - a wand of digging (4)
 F - a wand of polymorph (7)
 G - a wand of flame (18)
 K - a wand of paralysis (9)
Scrolls
 b - 4 scrolls of teleportation {unknown}
 k - a scroll of enchant armour {unknown}
 l - 5 scrolls of identify {unknown}
 n - 3 scrolls of amnesia {unknown}
 u - a scroll of enchant weapon {unknown}
 y - a scroll of noise {unknown}
 z - a scroll of immolation {unknown}
 B - a scroll of vulnerability {unknown}
 C - 2 scrolls of magic mapping {unknown}
 E - 3 scrolls of fog {unknown}
Potions
 a - a potion of curing
 d - 3 potions of degeneration {unknown}
 e - 2 potions of attraction {unknown}
 g - 3 potions of ambrosia {unknown}
 i - 2 potions of heal wounds {unknown}
 m - a potion of cancellation {unknown}
 s - 2 potions of haste {unknown}
 x - 2 potions of lignification {unknown}
 A - 2 potions of brilliance {unknown}


   Skills:
 + Level 2.8 Fighting
 - Level 3.2 Armour
 - Level 4.0 Dodging
 - Level 4.1 Stealth
 * Level 12.5 Spellcasting
 + Level 7.1 Conjurations
 - Level 1.1 Summonings
 - Level 1.1 Translocations
 + Level 5.9 Fire Magic
 - Level 1.0 Air Magic
 - Level 2.3 Poison Magic
 - Level 1.0 Evocations


You had 16 spell levels left.
You knew the following spells:

 Your Spells              Type           Power      Damage    Failure   Level
a - Magic Dart            Conj           100%       1d8       1%          1
b - Mephitic Cloud        Conj/Pois/Air  30%        N/A       4%          3
c - Call Imp              Summ           19%        N/A       6%          2
d - Blink                 Tloc           N/A        N/A       6%          2
e - Conjure Flame         Conj/Fire      44%        6-21      1%          3
f - Foxfire               Conj/Fire      100%       2x1d9     1%          1
g - Fireball              Conj/Fire      22%        3d10      12%         5
h - Apportation           Tloc           38%        N/A       4%          1

Your spell library contained the following spells:

 Spells                   Type           Power      Damage    Failure   Level
 Summon Small Mammal      Summ           76%        N/A       4%          1
 Sticky Flame             Conj/Fire      44%        2d6       4%          4
 Inner Flame              Hex/Fire       27%        N/A       5%          3
 Animate Skeleton         Necr           28%        N/A       6%          1
 Corona                   Hex            15%        N/A       6%          1
 Slow                     Hex            14%        N/A       10%         2
 Call Canine Familiar     Summ           19%        N/A       12%         3
 Summon Guardian Golem    Hex/Summ       16%        N/A       16%         3
 Summon Lightning Spire   Summ/Air       19%        N/A       38%         4
 Summon Ice Beast         Ice/Summ       16%        N/A       45%         4


Dungeon Overview and Level Annotations

Branches:
Dungeon (8/15)             Temple (1/1) D:7
   Lair: D:8-11

Altars:
Ashenzari
Cheibriados
Dithmenos
Elyvilon
Fedhas
Gozag
Hepliaklqana
Kikubaaqudgha
Makhleb
Nemelex Xobeh
Okawaru
Qazlal
Ru
Sif Muna
Trog
Vehumet
Xom
Yredelemnul
Zin
The Shining One

Shops:
D:1 [

Annotations:
D:8 Grum


Message History

The wolf misses you.
Casting: Foxfire (safe; 1% risk of failure)
Confirm with . or Enter, or press ? or * to list all spells.
You conjure some foxfire!
The wolf is engulfed in noxious fumes.
The wolf appears confused.
The wolf closely misses you.
The wolf is engulfed in blazing flames.
The wolf closely misses the wolf.
The wolf bites you.
* * * LOW HITPOINT WARNING * * *
Grum closely misses you. The wolf barely misses you.
The wolf is engulfed in blazing flames.
You kill the wolf!
Vehumet accepts your kill.
Unknown command.
Casting: Foxfire (safe; 1% risk of failure)
Confirm with . or Enter, or press ? or * to list all spells.
You blink.
The foxfire hits the wolf.
You kill the wolf!
Vehumet accepts your kill.
The foxfire hits Grum.
Grum is lightly wounded.
The wolf bites Grum!
The wolf closely misses itself.
Unknown command.
Casting: Blink (safe; 6% risk of failure)
Confirm with . or Enter, or press ? or * to list all spells.
Aiming: Mephitic Cloud (dangerous; 4% risk of failure)
Press: ? - help, Shift-Dir - straight line, f - wolf
Aim: a wolf (lightly wounded, confused, chance to affect: 81%)
The ball explodes into a vile cloud!
The stinking cloud engulfs the wolf but does no damage.
The wolf is lightly wounded.
The stinking cloud engulfs something but does no damage.
The stinking cloud engulfs Grum but does no damage.
Grum is moderately wounded.
Grum barely misses you.
Unknown command.
Unknown command.
The wolf is engulfed in noxious fumes.
The wolf appears confused.
The wolf completely misses Grum.
The wolf barely misses itself.
The shadow strikes at you from the darkness!
You die...

#.####........
#.....########
#####.# #.#
#.##### #.....#
#####.#
######.########
..##.@........
#.#○○§........
###.#○hg........
#..§§☼.○........
#..†#...........
#...##..........
#...##..........
#...##..........
#...##..........


You could see Grum and a wolf (confused).

Vanquished Creatures
  Pikel (D:4)
  Prince Ribbit (D:7)
  Sigmund (D:3)
  4 yaks (D:8)
  A steam dragon (D:6)
  2 water moccasins
  An ice beast (D:5)
  Duvessa (D:6)
  2 sky beasts
  An ogre (D:6)
  2 black bears
  2 wolves (D:8)
  4 centaurs
  A phantom (D:6)
  A kobold brigand (D:7)
  Blork the orc (D:4)
  3 scorpions
  2 bullfrogs (D:7)
  Dowan (D:6)
  2 water moccasin zombies
  A water moccasin skeleton (D:6)
  A centaur zombie (D:8)
  A bullfrog zombie (D:6)
  5 hounds
  A jelly (D:5)
  2 bullfrog skeletons
  Jessica (D:3)
  A gnoll shaman (D:8)
  Ijyb (D:3)
  Natasha (thrice) (D:4)
  2 iguanas
  An orc wizard (D:5)
  2 killer bee zombies
  2 hound skeletons (D:5)
  A howler monkey zombie (D:7)
  3 gnolls (D:8)
  2 howler monkey skeletons (D:7)
  6 adders
  A shadow imp (D:8)
  2 white imps (D:7)
  An ufetubus (D:6)
  2 worms (D:2)
  A dart slug (D:4)
  12 orcs
  5 ball pythons
  5 bats (D:1)
  2 endoplasms
  3 giant cockroaches
  4 goblins
  9 hobgoblins
  4 jackals (D:2)
  16 kobolds
  4 quokkas
  3 frilled lizards
  4 rats
148 creatures vanquished.

Vanquished Creatures (collateral kills)
  Terence (D:2)
1 creature vanquished.

Vanquished Creatures (others)
  3 foxfires (D:8)
3 creatures vanquished.

Grand Total: 152 creatures vanquished

Notes
Turn   | Place    | Note
-------+----------+-------------------------------------------
     0 | D:1      | pokeman the Deep Elf Hedge Wizard began the quest for the
                  | Orb.
     0 | D:1      | Reached XP level 1. HP: 10/10 MP: 7/7
   377 | D:1      | Reached XP level 2. HP: 16/16 MP: 5/9
   551 | D:1      | Found Ejecs's Armour Shop.
  1087 | D:1      | Reached skill level 5 in Spellcasting
  1162 | D:2      | Noticed Terence
  1262 | D:2      | Found a faded altar of an unknown god.
  1386 | D:2      | Reached XP level 3. HP: 20/20 MP: 1/11
  1390 | D:2      | Learned a level 3 spell: Mephitic Cloud
  1393 | D:2      | Learned a level 2 spell: Call Imp
  1396 | D:2      | Learned a level 2 spell: Blink
  1400 | D:2      | Learned a level 3 spell: Conjure Flame
  1641 | D:2      | Reached skill level 1 in Fighting
  1742 | D:2      | Reached skill level 1 in Armour
  1887 | D:2      | Killed Terence
  1888 | D:2      | Reached XP level 4. HP: 15/25 MP: 11/13
  2710 | D:3      | Noticed Sigmund
  3032 | D:3      | Killed Sigmund
  3033 | D:3      | Reached skill level 6 in Spellcasting
  3033 | D:3      | Reached skill level 1 in Fire Magic
  3033 | D:3      | Reached XP level 5. HP: 18/29 MP: 2/16
  3508 | D:3      | Noticed Ijyb
  3534 | D:3      | Killed Ijyb
  3535 | D:3      | Reached XP level 6. HP: 27/34 MP: 9/17
  3670 | D:3      | Noticed Jessica
  3673 | D:3      | Killed Jessica
  4080 | D:4      | Reached skill level 7 in Spellcasting
  4080 | D:4      | Reached skill level 1 in Air Magic
  4616 | D:4      | Noticed Pikel
  4625 | D:4      | Killed Pikel
  4626 | D:4      | Reached skill level 8 in Spellcasting
  4626 | D:4      | Reached XP level 7. HP: 26/38 MP: 15/21
  4934 | D:4      | Noticed Blork the orc
  4940 | D:4      | Killed Blork the orc
  5029 | D:4      | Noticed Natasha
  5034 | D:4      | Killed Natasha
  5304 | D:4      | Noticed Natasha
  5314 | D:4      | Killed Natasha
  5934 | D:4      | Noticed Natasha
  5944 | D:4      | Killed Natasha
  5945 | D:4      | Reached skill level 1 in Evocations
  5962 | D:5      | Entered Level 5 of the Dungeon
  5970 | D:5      | Reached XP level 8. HP: 41/43 MP: 16/22
  5973 | D:5      | Reached skill level 9 in Spellcasting
  6205 | D:5      | Found a blossoming altar of Fedhas.
  6561 | D:5      | Reached skill level 5 in Conjurations
  6679 | D:5      | Found a broken altar of Ashenzari.
  6858 | D:5      | Learned a level 1 spell: Apportation
  7155 | D:6      | Reached skill level 10 in Spellcasting
  7704 | D:6      | Reached XP level 9. HP: 39/48 MP: 23/25
  7975 | D:6      | Reached skill level 11 in Spellcasting
  8163 | D:6      | Found an opulent altar of Gozag.
  8180 | D:6      | Noticed Duvessa
  8181 | D:6      | Noticed Dowan
  8188 | D:6      | Killed Duvessa
  8189 | D:6      | Killed Dowan
  9021 | D:7      | Noticed Prince Ribbit
  9036 | D:7      | Killed Prince Ribbit
  9039 | D:7      | HP: 1/48 [centaur/arrow (13)]
  9049 | D:7      | Reached skill level 5 in Fire Magic
  9692 | D:7      | Found a staircase to the Ecumenical Temple.
  9698 | Temple   | Entered the Ecumenical Temple
  9811 | Temple   | Became a worshipper of Vehumet
 10005 | D:7      | Found a bloodstained altar of Trog.
 10085 | D:7      | Reached skill level 12 in Spellcasting
 10699 | D:8      | Reached XP level 10. HP: 11/54 MP: 28/28
 11054 | D:8      | Learned a level 1 spell: Foxfire
 11060 | D:8      | Learned a level 5 spell: Fireball
 11136 | D:8      | Noticed Grum
 11149 | D:8      | Slain by a shadow

Illustrated notes

Levels and vault maps discovered:
D:1:      wander_arrival_lonely_grave, layout_rooms, serial_shops, shop
D:2:      minmay_recursive_quarters, layout_basic,
          ebering_ecumenical_altar_rust, hangedman_decor_clover_reticule,
          uniq_terence
D:3:      layout_loops_ring, uniq_sigmund, uniq_jessica, uniq_ijyb
D:4:      layout_basic, hangedman_abyss_or_decor_stabs,
          hangedman_decor_peaks_small, minmay_circle_x, uniq_blork_the_orc,
          uniq_pikel, uniq_natasha
D:5:      layout_cave_pools, grunt_temple_overflow_open
D:6:      layout_layer_cave, amcnicky_altar_gilded,
          chequers_serial_rivers_large_b, lemuel_old_faithful, uniq_duvessa
D:7:      layout_basic, lemuel_round_altar, minmay_temple_entry_tees,
          minivault_11, uniq_prince_ribbit1
D:8:      layout_basic, kennysheep_mini, serial_glass, glass_columns_c,
          glass_columns_a, due_unseen_surprise, feat_on_display,
          feat_on_display, serial_shops, shop, uniq_grum
Temple:   lightli_temple_of_artemis

Skill      XL: |  1  2  3  4  5  6  7  8  9 |
---------------+----------------------------+-----
Spellcasting   | 5 6 8 10 12 | 12.5
Fighting       | 1 2 |  2.8
Armour         | 1 2 3 |  3.2
Conjurations   | 2 3 4 5 7 |  7.1
Dodging        | 3 4 |  4.0
Fire Magic     | 1 2 4 5 |  5.9
Air Magic      | 1 |  1.0
Stealth        | 3 4 |  4.1
Poison Magic   | 2 |  2.3
Evocations     | 1 |  1.0
Summonings     | |  1.1
Translocations | |  1.1

Action                   |  1- 3 |  4- 6 |  7- 9 | 10-12 || total
-------------------------+-------+-------+-------+-------++-------
Melee: Dagger            |    13 |       |       |       ||    13
       Spear             |    31 |    12 |       |       ||    43
       Scythe            |       |    14 |    91 |     8 ||   113
 Cast: Magic Dart        |    95 |    71 |   171 |       ||   337
       Call Imp          |     3 |       |    10 |       ||    13
       Mephitic Cloud    |     2 |     6 |    24 |     3 ||    35
       Conjure Flame     |       |     7 |    15 |     2 ||    24
       Blink             |       |       |     5 |     1 ||     6
       Apportation       |       |       |     1 |       ||     1
       Foxfire           |       |       |       |     2 ||     2
       Fireball          |       |       |       |     1 ||     1
  Use: Potion            |       |     1 |     1 |       ||     2
 Stab: Confused          |     1 |     1 |     6 |       ||     8
Armor: Robe              |     8 |       |       |       ||     8
       Leather armour    |    13 |     5 |    25 |     1 ||    44
Dodge: Dodged            |    50 |    34 |    80 |    22 ||   186

Table legend: (Time is in decaauts)
 A = Elapsed time spent in this place.
 B = Non-inter-level travel time spent in this place.
 C = Inter-level travel time spent in this place.
 D = Time resting spent in this place.
 E = Time spent auto-exploring this place.
 F = Levels seen in this place.
 G = Mean time per level.
                   A        B        C        D        E       F      G
               +--------+--------+--------+--------+--------+-----+--------+
         Total |  11302 |  10475 |    827 |    980 |   7839 |   9 | 1255.8 |
       Dungeon |  11169 |  10361 |    808 |    980 |   7743 |   8 | 1396.1 |
        Temple |    133 |    114 |     19 |      0 |     96 |   1 |  133.0 |
               +--------+--------+--------+--------+--------+-----+--------+

Top non-repeatable levels by time:
     D:4: 2461 daAuts
     D:6: 1933 daAuts
     D:2: 1649 daAuts
     D:7: 1499 daAuts
     D:1: 1225 daAuts
     D:3: 1037 daAuts
     D:5: 832 daAuts
     D:8: 529 daAuts
  Temple: 133 daAuts
